 Dungeon Crawl Stone Soup version 0.30.1-9-gdf580d7c3d (webtiles) character file.

Game seed: 3769315560253146823

2287 lonewolfV2 the Fighter (level 9, -1/74 HPs)
             Began as a Demonspawn Fighter on Oct 23, 2023.
             Slain by a wyvern (9 damage)
             ... on level 8 of the Dungeon.
             The game lasted 00:12:04 (5774 turns).

lonewolfV2 the Fighter (Demonspawn Fighter)         Turns: 5774, Time: 00:12:04

Health: -1/74      AC: 10    Str: 20    XL:     9   Next: 17%
Magic:  9/9        EV:  9    Int: 17    God:
Gold:   386        SH:  4    Dex: 12    Spells: 8/8 levels left

rFire   . . .        u - +7 mace "Joymurch" {heavy, rPois rN+}
rCold   . . .        c - +0 buckler
rNeg    + . .        b - +0 scale mail
rPois   +            (helmet restricted)
rElec   .            (no cloak)
rCorr   +            (no gloves)
SInv    .            k - +1 pair of boots
Will    .....        t - amulet of magic regeneration Stlth
                     r - ring of resist corrosion
HPRegen 0.32/turn    z - +6 ring of intelligence
MPRegen 0.51/turn

%: no passive effects
@: no status effects
A: horns 1, molten scales 1, powered by death 1, spiny 2
a: no special abilities


You were on level 8 of the Dungeon.
You visited 2 branches of the dungeon, and saw 9 of its levels.

You collected 386 gold pieces.

Inventory:

Hand Weapons
 a - a +1 war axe
 u - the +7 mace "Joymurch" (weapon) {heavy, rPois rN+}
   (You took it off an orc on level 5 of the Dungeon)

   rPois:     It protects you from poison.
   rN:        It protects you from negative energy.
Armour
 b - a +0 scale mail (worn)
 c - a +0 buckler (worn)
 k - a +1 pair of boots (worn)
Jewellery
 r - a ring of resist corrosion (left hand)
 t - an amulet of magic regeneration (around neck)
 z - a +6 ring of intelligence (right hand)
Wands
 e - a wand of paralysis (11)
 q - a wand of roots (5)
 y - a wand of flame (41)
Scrolls
 h - 2 scrolls of teleportation
 l - a scroll of enchant weapon
 m - a scroll of enchant armour
 w - a scroll of blinking {unknown}
 A - a scroll of identify
Potions
 d - a potion of might
 f - a potion of ambrosia
 g - a potion of brilliance
 i - 2 potions of degeneration
 j - a potion of haste
 n - 3 potions of cancellation
 o - 3 potions of heal wounds
 s - 3 potions of attraction {unknown}
 v - a potion of mutation {unknown}
 x - a potion of lignification {unknown}


   Skills:
 + Level 8.0 Fighting
 - Level 6.1(7.5) Axes
 + Level 6.5(7.7) Maces & Flails
 - Level 2.6 Armour
 - Level 2.6 Shields


You had 8 spell levels left.
You didn't know any spells.
Your spell library contained the following spells:

 Spells                   Type           Power      Damage    Failure   Level
 Apportation              Tloc           0%         N/A       63%         1
 Kiss of Death            Conj/Necr      0%         2d5       63%         1
 Sublimation of Blood     Necr           0%         N/A       77%         2
 Wereblood                Tmut           0%         N/A       77%         2
 Confusing Touch          Hex            0%         N/A       94%         3
 Stone Arrow              Conj/Erth      0%         3d7       94%         3
 Animate Armour           Summ/Erth      0%         N/A       100%        4
 Dispel Undead            Necr           0%         3d6       100%        4
 Alistair's Intoxication  Tmut/Pois      0%         N/A       100%        5
 Summon Hydra             Summ           0%         N/A       100%        7
 Lehudib's Crystal Spear  Conj/Erth      0%         10d2      100%        8


Dungeon Overview and Level Annotations

Branches:
Dungeon (8/15)             Temple (1/1) D:5
   Lair: D:8-11

Altars:
Ashenzari
Fedhas
Hepliaklqana
Kikubaaqudgha
Makhleb
Nemelex Xobeh
Okawaru
Ru
Sif Muna
Trog
Uskayaw
Vehumet
Wu Jian
Xom
Yredelemnul

Shops:
D:6 !


Innate Abilities, Weirdness & Mutations

You have a pair of small horns on your head.
You are partially covered in molten scales. (AC +2)
You regenerate a little health from kills.
You are mostly covered in sharp spines.


Message History

The lemure hits you. You block the steam dragon's attack. x2
A wight comes into view. It is wielding a +0 scimitar.
The lemure is struck by your spines. The lemure barely misses you.
A lemure comes into view.
You closely miss the steam dragon.
The steam dragon is heavily wounded.
The steam dragon barely misses you. The steam dragon closely misses you.
You block the lemure's attack. The lemure attacks as you move away!
You block the lemure's attack. The steam dragon bites you.
The steam dragon claws you but does no damage.
As you read the scroll of teleportation, it crumbles to dust.
You feel strangely unstable.
The steam dragon bites you but does no damage.
The steam dragon claws you but does no damage.
A wight comes into view. It is wielding a +0 trident.
The lemure is struck by your spines. The lemure closely misses you.
You feel better. The steam dragon bites you.
You block the steam dragon's attack. The lemure is struck by your spines.
The lemure hits you but does no damage. The lemure attacks as you move away!
The lemure hits you.
The steam dragon attacks as you move away!
The steam dragon bites you!
The steam dragon claws you but does no damage.
Your surroundings suddenly seem different.
A wyvern comes into view.
Found an escape hatch in the ceiling.
The wyvern hisses angrily.
There is an escape hatch in the ceiling here.
You sock the wyvern!
The wyvern is moderately wounded.
The wyvern is struck by your spines. The wyvern bites you!
* * * LOW HITPOINT WARNING * * *
The wyvern bites you but does no damage.
You closely miss the wyvern. You headbutt the wyvern.
The wyvern is heavily wounded.
The wyvern is struck by your spines. The wyvern bites you!
* * * LOW HITPOINT WARNING * * *
The wyvern bites you!
You die...

...........#
#..........#
#..........#
#..........#
##..........#
............#
............#
......l@....#
............#
##..........#
#..........#
#..........#
#..........#
#..........#
#..........#
####.......#


You could see a wyvern.

Vanquished Creatures
  Grinder (D:3)
  A shadow (D:6)
  A steam dragon (D:7)
  2 ice beasts
  A sky beast (D:7)
  An ogre (D:4)
  A kobold brigand (D:6)
  5 bullfrogs
  2 scorpions
  A water moccasin zombie (D:4)
  A howler monkey (D:4)
  An orc priest (D:5)
  5 hounds
  Jessica (D:2)
  2 sleepcaps
  5 iguanas
  6 orc wizards
  A hound zombie (D:4)
  8 adders
  A shadow imp (D:5)
  2 white imps (D:5)
  2 worms (D:4)
  3 dart slugs
  25 orcs
  3 bats (D:1)
  9 endoplasms
  3 giant cockroaches
  6 goblins
  11 hobgoblins
  5 quokkas
  7 ball pythons
  A frilled lizard (D:2)
  12 kobolds
  6 rats
142 creatures vanquished.

Vanquished Creatures (others)
  A sky beast (D:7)
1 creature vanquished.

Grand Total: 143 creatures vanquished

Notes
Turn   | Place    | Note
-------+----------+-------------------------------------------
     0 | D:1      | lonewolfV2 the Demonspawn Fighter began the quest for the
                  | Orb.
     0 | D:1      | Reached XP level 1. HP: 18/18 MP: 1/1
   325 | D:1      | Gained mutation: You are partially covered in molten
                  | scales. (AC +2) [demonic ancestry]
   325 | D:1      | Reached XP level 2. HP: 24/24 MP: 2/2
   793 | D:1      | Gained mutation: You have a pair of small horns on your
                  | head. [demonic ancestry]
   793 | D:1      | Reached XP level 3. HP: 28/29 MP: 3/3
  1020 | D:2      | Noticed Jessica
  1048 | D:2      | Killed Jessica
  1049 | D:2      | Gained mutation: You regenerate a little health from kills.
                  | [demonic ancestry]
  1049 | D:2      | Reached XP level 4. HP: 28/37 MP: 4/4
  1794 | D:3      | Noticed Grinder
  1803 | D:3      | Paralysed by Grinder for 5 turns
  1809 | D:3      | Killed Grinder
  1810 | D:3      | Reached skill level 4 in Fighting
  1810 | D:3      | Gained mutation: You are partially covered in sharp spines.
                  | [demonic ancestry]
  1810 | D:3      | Reached XP level 5. HP: 14/43 MP: 5/5
  1810 | D:3      | Gained mutation: You are mostly covered in sharp spines.
                  | [demonic ancestry]
  1810 | D:3      | Reached XP level 6. HP: 16/49 MP: 6/6
  2187 | D:3      | Found a burning altar of Makhleb.
  2189 | D:3      | Noticed an angel
  2190 | D:3      | Noticed a green death
  2307 | D:4      | Reached skill level 5 in Axes
  2475 | D:4      | Reached skill level 5 in Fighting
  2726 | D:4      | Found an ornate altar of the Wu Jian Council.
  2799 | D:4      | Reached XP level 7. HP: 53/56 MP: 7/7
  2837 | D:4      | Found a basalt altar of Yredelemnul.
  3093 | D:5      | Entered Level 5 of the Dungeon
  3142 | D:5      | Found an iron altar of Okawaru.
  3143 | D:5      | Identified the +7 mace "Joymurch" {heavy, rPois rN+}
  3276 | D:5      | Found a staircase to the Ecumenical Temple.
  3309 | D:5      | Reached skill level 1 in Maces & Flails
  3313 | D:5      | Reached skill level 6 in Fighting
  3411 | Temple   | Entered the Ecumenical Temple
  3993 | D:5      | Reached XP level 8. HP: 65/65 MP: 8/8
  4504 | D:6      | Found Rulacorgh's Distillery.
  4534 | D:6      | Reached skill level 7 in Fighting
  4637 | D:6      | Reached skill level 5 in Maces & Flails
  4755 | D:6      | Found a sacrificial altar of Ru.
  4760 | D:6      | Found a shimmering blue altar of Sif Muna.
  4764 | D:6      | Found a hide-covered altar of Uskayaw.
  5082 | D:7      | Found a shimmering altar of Xom.
  5238 | D:7      | Reached XP level 9. HP: 40/73 MP: 9/9
  5590 | D:7      | Reached skill level 8 in Fighting
  5774 | D:8      | Slain by a wyvern

Illustrated notes

Levels and vault maps discovered:
D:1:      heliophobic_arrival_battle_scene, layout_loops_corners
D:2:      layout_rooms, uniq_jessica
D:3:      layout_rooms, grunt_temple_overflow_order_and_chaos_2,
          grunt_decor_fettered, uniq_grinder
D:4:      layout_cave_pools, pdpol_wu_jian_five_deadly_venoms,
          lemuel_zombie_altar_yredelemnul, minmay_quadrilaterals
D:5:      layout_basic, okawaru_ov_weapons_minmay,
          minmay_temple_entry_statues_fountains,
          nicolae_concentric_dashed_squares_mild
D:6:      layout_loops_ring, grunt_temple_overflow_open, serial_shops, shop
D:7:      layout_rooms, mainiacjoe_overflow_alcove_4,
          dreamdust_princess_corridor
D:8:      layout_gridville, uniq_pikel
Temple:   grunt_temple_mini_profane

Skill      XL: |  1  2  3  4  5  6  7  8  9 |
---------------+----------------------------+-----
Axes           | 2 3 4 5 6 |  6.1
Fighting       | 4 5 6 7 8 |  8.0
Maces & Flails | 3 6 |  6.5
Armour         | |  2.6
Shields        | |  2.6

Action                     |  1- 3 |  4- 6 |  7- 9 || total
---------------------------+-------+-------+-------++-------
  Melee: War axe           |    59 |    67 |    20 ||   146
         Headbutt          |       |    15 |    19 ||    34
         Mace              |       |       |    94 ||    94
    Use: Scroll            |     6 |     4 |     6 ||    16
         Potion            |       |       |     3 ||     3
 Armour: Scale mail        |    28 |    25 |    70 ||   123
  Dodge: Dodged            |    34 |    29 |    55 ||   118
  Block: Buckler           |    12 |     7 |    34 ||    53
